 Dungeon Crawl Stone Soup version 0.31.0-9-g3a7656b989 (webtiles) character file.

Game seed: 7750281065785986270

32 qw the Shooter (level 2, 0/24 HPs)
             Began as a Demigod Hunter on Feb 2, 2024.
             Slain by a goblin
             ... wielding a +0 dagger
             ... led by Robin
              (1 damage)
             ... on level 2 of the Dungeon.
             The game lasted 00:00:04 (951 turns).

qw the Shooter (Demigod Hunter)                      Turns: 951, Time: 00:00:05

Health: 0/24       AC:  5    Str: 12    XL:     2   Next: 93%
Magic:  4/4        EV: 12    Int: 11    God:
Gold:   112        SH:  0    Dex: 17    Spells: 1/1 levels left

rFire   . . .        a - +0 shortbow
rCold   . . .        (shield currently unavailable)
rNeg    . . .        c - +0 leather armour
rPois   .            (no helmet)
rElec   .            (no cloak)
rCorr   .            (no gloves)
SInv    .            i - +1 pair of boots
Will    .....        (no amulet)
Stlth   ++           (no ring)
HPRegen 0.24/turn    (no ring)
MPRegen 0.09/turn

%: no passive effects
@: no status effects
A: high MP 1, forlorn, divine attributes
a: no special abilities


You were on level 2 of the Dungeon.
You visited 1 branch of the dungeon, and saw 2 of its levels.

You collected 112 gold pieces.


Innate Abilities, Weirdness & Mutations

You have an increased reservoir of magic. (+10% MP)
You shall have no god before yourself.
Your divine heritage dramatically boosts your attributes as you level up.


   Skills:
 - Level 2.0 Fighting
 + Level 4.5 Ranged Weapons
 - Level 1.7 Dodging
 - Level 0.8 Stealth


You had one spell level left.
You didn't know any spells.
Your spell library was empty.

Inventory:

Hand Weapons
 a - a +0 shortbow (weapon)
Armour
 c - a +0 leather armour (worn)
 i - a +1 pair of boots (worn)
Jewellery
 b - a +6 ring of strength
Potions
 d - a potion of magic {unknown}

Dungeon Overview and Level Annotations

Branches:
Dungeon (2/15)

Annotations:
D:2 Robin


Message History

The goblin shouts!
The arrow hits the goblin!
You kill the goblin!
You shoot an arrow. The arrow barely misses the hobgoblin.
The arrow closely misses Robin.
The arrow misses the goblin.
Robin throws the goblin at you! The goblin hits you but does no damage.
A goblin comes into view. It is wielding a +0 club.
A goblin comes into view. It is wielding a +0 dagger.
A hobgoblin comes into view.
The goblin closely misses you.
The goblin moves out of view.
You shoot an arrow. The hobgoblin shouts!
The arrow hits the goblin.
The goblin is heavily wounded.
Robin says, "Bow before me, strongest of all the hobgoblins!"
The goblin hits you but does no damage.
The hobgoblin hits you but does no damage.
You shoot an arrow. The arrow completely misses the goblin.
A frilled lizard comes into view.
The goblin hits you with a +0 club. The hobgoblin barely misses you.
You shoot an arrow. The arrow closely misses the goblin.
The goblin hits you with a +0 club. The hobgoblin hits you.
You shoot an arrow. The arrow hits the goblin.
You kill the goblin!
Robin throws the goblin at you! The hobgoblin barely misses you.
The goblin hits you but does no damage.
You shoot an arrow. The arrow closely misses the goblin.
The goblin hits you but does no damage.
The hobgoblin hits you but does no damage.
You shoot an arrow. The arrow barely misses the goblin.
The goblin hits you but does no damage. The hobgoblin hits you.
The hobgoblin closely misses you. The goblin hits you with a +0 dagger.
You shoot an arrow. The arrow barely misses the goblin.
The goblin barely misses you. The hobgoblin misses you.
You shoot an arrow. The arrow barely misses the goblin.
The goblin no longer looks unusually strong.
The hobgoblin no longer looks unusually strong.
Robin says, "A pitiful Demigod like you will never find the ORB!"
The hobgoblin closely misses you. The goblin hits you with a +0 dagger.
You die... #.. #). #gg #l# ##g## ggg

#g# #@# #g#######
### #.......# #..
#######.######.###
#............ ##
#....####.###
...#......##....
###.#..#.#.##..##
.................


You could see Robin, 2 hobgoblins, 5 goblins and a frilled lizard.

Vanquished Creatures
  4 bats (D:1)
  2 endoplasms (D:1)
  3 giant cockroaches (D:1)
  6 goblins
  4 hobgoblins (D:1)
  A quokka (D:1)
  2 ball pythons (D:1)
  3 kobolds
  3 rats
28 creatures vanquished.

Notes
Turn   | Place    | Note
-------+----------+-------------------------------------------
     0 | D:1      | qw the Demigod Hunter began the quest for the Orb.
     0 | D:1      | Reached XP level 1. HP: 17/17 MP: 3/3
     0 | D:1      | 0 ||| qw: Version: 0.3-a-155-g5e7d8dd
     0 | D:1      | 0 ||| qw: Game counter: 2
     0 | D:1      | 0 ||| qw: Melee chars always use a shield: true
     0 | D:1      | 0 ||| qw: God list: Okawaru
     0 | D:1      | 0 ||| qw: Allow faded altars: false
     0 | D:1      | 0 ||| qw: Do Orc after clearing Dungeon:15 true
     0 | D:1      | 0 ||| qw: Do second Lair branch before Depths: true
     0 | D:1      | 0 ||| qw: Lair rune preference: random
     0 | D:1      | 0 ||| qw: Goals: Normal
     0 | D:1      | 0 ||| PLANNING D:1-11
   185 | D:1      | Reached skill level 4 in Ranged Weapons
   260 | D:1      | Reached XP level 2. HP: 24/24 MP: 4/4
   758 | D:1      | 758 ||| UPGRADING to +0 pair of boots.
   763 | D:1      | 763 ||| READING scroll labelled IKHLUOWIMIS.
   764 | D:1      | 764 ||| READING scroll labelled HUHEPI USUU.
   768 | D:1      | 768 ||| READING scroll labelled JEXAER LAGIO.
   768 | D:1      | 768 ||| ENCHANTING +0 pair of boots.
   769 | D:1      | 769 ||| READING scroll labelled JYEM EKHLEMALO.
   770 | D:1      | 770 ||| DROPPING scroll of butterflies.
   938 | D:2      | Noticed Robin
   949 | D:2      | HP: 4/24 [hobgoblin[Robin] (5)]
   949 | D:2      | HP: 1/24 [goblin/+0 dagger[Robin] (3)]
   951 | D:2      | Slain by a goblin

Levels and vault maps discovered:
D:1:      denvon_arrival_waterhouse, layout_basic
D:2:      layout_basic, basic_altar, dk_noncrumbling_2, uniq_robin

Skill      XL: |  1 |
---------------+----+-----
Ranged Weapons | 4 |  4.5
Fighting       | 2 |  2.0
Dodging        | |  1.7
Stealth        | |  0.8

Action                     || total
---------------------------++-------
   Fire: Shortbow          ||    92
    Use: Scroll            ||     4
 Armour: Leather armour    ||    34
  Dodge: Dodged            ||    29

Table legend:
 A = Non-vault XP
 B = Vault XP
 C = Vault XP percentage of total XP
 D = Non-vault monster count
 E = Vault monster count
 F = Vault count percentage of total count
                 A         B        C        D         E       F
            +---------+---------+-------+---------+---------+-------
      Total |      38 |       8 |  17.4 |      24 |       4 |  14.3
            +---------+---------+-------+---------+---------+-------
        D:1 |      33 |       0 |   0.0 |      20 |       0 |   0.0
        D:2 |       5 |       8 |  61.5 |       4 |       4 |  50.0
            +---------+---------+-------+---------+---------+-------
